 Dungeon Crawl Stone Soup version 0.32-a0-779-g362cfcae2a (webtiles) character file.

Game seed: 8782273529085581323

46 retardedninja the Trooper (level 3, 0/29 HPs)
             Began as a Coglin Fighter on Mar 19, 2024.
             Slain by an adder (2 damage)
             ... on level 3 of the Dungeon.
             The game lasted 00:03:26 (1109 turns).

retardedninja the Trooper (Coglin Fighter)          Turns: 1109, Time: 00:03:28

Health: 0/29       AC:  6    Str: 18    XL:     3   Next: 66%
Magic:  3/3        EV:  8    Int:  7    God:
Gold:   47         SH:  4    Dex: 13    Spells: 2/2 levels left

rFire   . . .        a - +0 war axe {Esteban}
rCold   . . .        c - +0 buckler
rNeg    . . .        b - +0 scale mail
rPois   .            (no helmet)
rElec   .            (no cloak)
rCorr   .            (no gloves)
SInv    .            (no boots)
Will    +....        (amulet unavailable) Stlth
                     (ring unavailable)
HPRegen 0.24/turn    (ring unavailable)
MPRegen 0.08/turn    (no gizmo)

%: no passive effects
@: lethally poisoned (0 -> -2), enlightened, flying, revved
A: off-hand wielding, slow wielding, warmup strikes, no jewellery
a: Invent Gizmo


You were on level 3 of the Dungeon.
You visited 1 branch of the dungeon, and saw 3 of its levels.

You collected 47 gold pieces.

Inventory:

Hand Weapons
 a - a +0 war axe (weapon) {Esteban}
Armour
 b - a +0 scale mail (worn)
 c - a +0 buckler (worn)
Scrolls
 f - a scroll of immolation {unknown}
 h - a scroll of fog {unknown}
Potions
 d - a potion of might
 g - a potion of curing {unknown}


   Skills:
 * Level 3.6 Fighting
 * Level 2.8 Axes
 + Level 3.0 Armour
 - Level 2.2 Shields


You had 2 spell levels left.
You didn't know any spells.
Your spell library contained the following spells:

 Spells                   Type           Power      Damage    Failure   Level
 Lesser Beckoning         Tloc           0%         N/A       96%         2
 Gell's Gravitas          Tloc           0%         N/A       99%         3
 Teleport Other           Tloc           0%         N/A       99%         3


Dungeon Overview and Level Annotations

Branches:
Dungeon (3/15)

Altars:


Innate Abilities, Weirdness & Mutations

You can wield a second weapon in your off-hand.
It takes a long time for you to wield or remove held weapons.
Your first few attacks do less damage.
You cannot equip rings or amulets.


Message History

You barely miss the ribbon worm.
The ribbon worm is heavily wounded.
The ribbon worm bites you but does no damage.
Unknown command.
You slash the ribbon worm!
The ribbon worm is almost dead.
The ribbon worm barely misses you.
Unknown command.
You hit the ribbon worm.
You kill the ribbon worm!
Unknown command.
Your unstable footing causes you to fumble your attack.
Unknown command.
You slash the dart slug!
You kill the dart slug!
Unknown command.
An adder comes into view.
The adder bites you but does no damage.
You see here a dart slug corpse.
Unknown command.
The adder bites you.
You are poisoned.
The adder poisons you! The adder bites you.
You closely miss the adder.
* * * LOW HITPOINT WARNING * * *
You feel very sick. The adder bites you but does no damage.
The adder bites you.
* * * LOW HITPOINT WARNING * * *
You closely miss the adder.
* * * LOW HITPOINT WARNING * * *
You feel sick. The adder completely misses you.
The adder bites you but does no damage.
It was a potion of enlightenment.
You feel very buoyant.
You fly up into the air.
* * * LOW HITPOINT WARNING * * *
You feel sick.
A river rat comes into view.
The adder bites you.
You die...

### ###########.#
#...........###
#.#########...#####
#.# #†..#~r~#
#.##### #..~#S#~#
##.....# #..~#@# #
.....### ###.~~~~#
.....# #....~#~#
....## #.>..~~~#
.....# #.....#~#
..............~~~#
...............~~#
......#####.###..#
......# #. #...


You could see an adder and a river rat (wandering).

Vanquished Creatures
  3 ribbon worms (D:3)
  2 dart slugs
  An orc (D:2)
  2 bats (D:1)
  2 endoplasms (D:1)
  A giant cockroach (D:1)
  A goblin (D:1)
  3 hobgoblins (D:1)
  2 jackals (D:1)
  2 quokkas (D:1)
  3 ball pythons (D:1)
  4 frilled lizards (D:1)
  3 kobolds (D:1)
  4 rats
33 creatures vanquished.

Notes
Turn   | Place    | Note
-------+----------+-------------------------------------------
     0 | D:1      | retardedninja the Coglin Fighter began the quest for the
                  | Orb.
     0 | D:1      | Reached XP level 1. HP: 18/18 MP: 1/1
   128 | D:1      | Reached XP level 2. HP: 23/24 MP: 2/2
   223 | D:1      | Found a faded altar of an unknown god.
   345 | D:1      | Reached XP level 3. HP: 29/29 MP: 3/3
  1032 | D:2      | You fall into a shaft and drop 1 floor!
  1109 | D:3      | Slain by an adder

Illustrated notes

Levels and vault maps discovered:
D:1:      minmay_arrival_cross, layout_loops_ring, serial_forest,
          infiniplex_forest_clump_diagonal, infiniplex_forest_straight_2,
          infiniplex_forest_lined_3_way, infiniplex_forest_clump_long,
          infiniplex_forest_lined_4_way, infiniplex_forest_straight_2,
          infiniplex_forest_zigzag_1, shapermc_ecumenical_altar_gd
D:2:      layout_basic
D:3:      layout_basic, lightli_sewer_entry_pipes, serial_shops, shop,
          hellmonk_no_cap

Skill      XL: |  1  2  3 |
---------------+----------+-----
Armour         | 3 |  3.0
Fighting       | |  3.6
Axes           | |  2.8
Shields        | |  2.2

Action                     || total
---------------------------++-------
  Melee: War axe           ||    90
    Use: Potion            ||     1
 Armour: Scale mail        ||    93
  Dodge: Dodged            ||    40
  Block: Buckler           ||    19

Table legend: (Time is in decaauts)
 A = Elapsed time spent in this place.
 B = Non-inter-level travel time spent in this place.
 C = Inter-level travel time spent in this place.
 D = Time resting spent in this place.
 E = Time spent auto-exploring this place.
 F = Levels seen in this place.
 G = Mean time per level.
                   A        B        C        D        E       F      G
               +--------+--------+--------+--------+--------+-----+--------+
         Total |   1150 |   1132 |     18 |      0 |    896 |   3 |  383.3 |
       Dungeon |   1150 |   1132 |     18 |      0 |    896 |   3 |  383.3 |
               +--------+--------+--------+--------+--------+-----+--------+

Top non-repeatable levels by time:
     D:1: 971 daAuts
     D:3: 91 daAuts
     D:2: 87 daAuts
